 Dungeon Crawl Stone Soup version 0.19-a0-1850-g63fd1ff (webtiles) character file.

165 Psiweapon the Slasher (level 5, -1/42 HPs)
             Began as a Minotaur Gladiator on Oct 10, 2016.
             Slain by a mummy (9 damage)
             ... in an ossuary.
             The game lasted 00:04:13 (889 turns).

Psiweapon the Slasher (Minotaur Gladiator)           Turns: 889, Time: 00:04:13

Health: -1/42      AC:  4    Str: 19    XL:     5   Next: 22%
Magic:  13/13      EV: 14    Int:  5    God:
Gold:   71         SH:  0    Dex: 12    Spells: 0 memorised, 4 levels left

rFire  . . .     SeeInvis .     a - +0 long sword
rCold  . . .     Gourm    .     r - +0 leather armour
rNeg   . . .     Faith    .     (no shield)
rPois  .         Spirit   .     c - +0 hat
rElec  .         Dismiss  .     (no cloak)
rCorr  .         Reflect  .     q - +0 pair of gloves
MR     .....     Harm     .     (no boots)
Stlth  +......... Rnd*Tele +    (no amulet)
                                k - ring of teleportation (curse)
                                v - ring of magical power

@: no status effects
A: retaliatory headbutt, horns 2
a: no special abilities


You were in an ossuary.
You were not hungry.

You visited 1 branch of the dungeon, and saw 5 of its levels.
You also visited: Ossuary.

You collected 71 gold pieces.

Inventory:

Hand Weapons
 a - a +0 long sword (weapon)
 b - a +0 hunting sling
 p - a +1 short sword of holy wrath
Missiles
 d - 3 throwing nets (quivered)
 l - 13 sling bullets
Armour
 c - a +0 hat (worn)
 q - a +0 pair of gloves (worn)
 r - a +0 leather armour (worn)
Jewellery
 k - a cursed ring of teleportation (right hand)
 v - a ring of magical power (left hand)
Scrolls
 g - a scroll of teleportation {unknown}
 h - 2 scrolls of enchant armour {unknown}
 i - a scroll of noise {unknown}
 n - a scroll of immolation {unknown}
 o - 3 scrolls of remove curse {unknown}
 s - a scroll of magic mapping {unknown}
Potions
 e - a potion of berserk rage {unknown}
 m - a potion of degeneration {unknown}
Comestibles
 f - 2 bread rations
 j - 3 meat rations
 u - a slice of pizza


   Skills:
 - Level 2.4 Fighting
 * Level 6.1 Long Blades
 - Level 2.0 Throwing
 + Level 4.7 Dodging


You had 4 spell levels left.
You didn't know any spells.

Dungeon Overview and Level Annotations

Branches:
Dungeon (5/15)
 Temple: D:4-7

Altars:
Yredelemnul


Innate Abilities, Weirdness & Mutations

You reflexively headbutt those who attack you in melee.
You have a pair of horns on your head.


Message History

The mummy is almost destroyed.
You hit the mummy but do no damage.
The mummy is almost destroyed.
The kobold zombie closely misses you.
Unknown command.
You hit the mummy but do no damage.
The mummy is almost destroyed.
The mummy hits you. The kobold zombie misses you.
You slash the mummy!
You destroy the mummy!
The kobold zombie hits you but does no damage.
The mummy hits you!
* * * LOW HITPOINT WARNING * * *
Unknown command.
You barely miss the mummy. The kobold zombie closely misses you.
You furiously retaliate!
You headbutt the kobold zombie.
You riposte.
You hit the kobold zombie.
The kobold zombie is almost destroyed.
It was a potion of cancellation.
You feel magically purged. The mummy hits you!
You die...

#########
........##
#......##
#..M@..#
##.MZ..#
...M....#
.........##
........##
.....##+#
....#
#....#
#....#


You could see 3 mummies and a kobold zombie.

Vanquished Creatures
  A howler monkey (D:4)
  An orc priest (D:4)
  Terence (D:2)
  A mummy (Ossuary)
  An ooze (D:2)
  An adder skeleton (D:4)
  2 worms
  A dart slug (D:2)
  3 leopard geckos
  An orc (D:4)
  3 giant cockroaches
  A gnoll zombie (Ossuary)
  4 goblins
  3 hobgoblins
  2 jackals (D:2)
  4 kobolds
  A quokka (D:4)
  6 bats
  3 frilled lizards
  A hobgoblin zombie (Ossuary)
  A kobold zombie (Ossuary)
  4 rats
46 creatures vanquished.

Notes
Turn   | Place    | Note
-------+----------+-------------------------------------------
     0 | D:1      | Psiweapon the Minotaur Gladiator began the quest for the Orb.
     0 | D:1      | Reached XP level 1. HP: 18/18 MP: 0/0
    92 | D:1      | Reached skill level 4 in Long Blades
   176 | D:3      | Reached XP level 2. HP: 25/25 MP: 1/1
   240 | D:2      | Found a basalt altar of Yredelemnul.
   422 | D:2      | Reached XP level 3. HP: 30/30 MP: 2/2
   461 | D:2      | Noticed Terence
   469 | D:2      | Killed Terence
   469 | D:2      | Reached skill level 5 in Long Blades
   702 | D:3      | Reached XP level 4. HP: 37/37 MP: 3/3
   710 | D:5      | Entered Level 5 of the Dungeon
   791 | D:4      | Found a sand-covered staircase.
   798 | D:4      | Reached skill level 6 in Long Blades
   798 | D:4      | Reached XP level 5. HP: 25/42 MP: 4/4
   802 | Ossuary  | Entered an ossuary
   889 | Ossuary  | Slain by a mummy

Vault maps used:
D:1:      lightli_iron_boxes
D:2:      yredelemnul_altar_generic, first_bread, uniq_terence, uniq_iyjb
D:3:      uniq_natasha
D:4:      enter_ossuary_1
Ossuary:  ossuary_tomb_3

Skill      XL: |  1  2  3  4 |
---------------+-------------+-----
Long Blades    | 4 5 6 |  6.1
Dodging        | 4 |  4.7
Fighting       | |  2.4
Throwing       | |  2.0

Action                   |  1- 3 |  4- 6 || total
-------------------------+-------+-------++-------
Melee: Long sword        |    43 |    27 ||    70
       Headbutt          |     5 |    12 ||    17
 Fire: Hunting sling     |    20 |       ||    20
  Use: Potion            |       |     1 ||     1
Armor: Leather armour    |    11 |     9 ||    20
Dodge: Dodged            |    45 |    17 ||    62
       Rpst.: Long sword |     9 |     4 ||    13
